 Dungeon Crawl Stone Soup version bcrawl-1.14 (webtiles) character file.

Game seed: 17330819675228439453

61028 MisterOstroum the Devastator (level 15, -7/82 HPs)
             Began as an Avariel Conjurer on Sept 14, 2019.
             Was a High Priest of Ashenzari.
             Mangled by a chaos spawn (8 damage)
             ... on level 1 of the Abyss.
             The game lasted 01:08:32 (22935 turns).

MisterOstroum the Devastator (Avariel Conjurer)    Turns: 22935, Time: 01:08:33

Health: -7/82      AC: 12    Str:  4      XL:     15   Next: 1%
Magic:  1/36       EV:  8    Int: 28      God:    Ashenzari [*****.]
Gold:   993        SH:  0    Dex: 12 (13) Spells: 11/44 levels left

rFire    + + .     SeeInvis +   M - +4 great sword (flame) (curse)
rCold    . . .     Gourm    .   (shield currently unavailable)
rNeg     . . .     Faith    .   F - +0 fire dragon scales (curse)
rPois    +         Spirit   .   (no helmet)
rElec    .         Reflect  .   q - +2 cloak {+Inv} (curse)
rCorr    .         Harm     .   y - +0 pair of gloves (curse)
MR       +....     Clarity  +   (no boots)
Stlth    ..........             p - amulet of Fanaticism {Acrobat Str+2} (curse)
HPRegen  0.23/turn              n - ring of poison resistance (curse)
MPRegen  0.25/turn              H - ring of protection from cold (curse)

@: flying quickly and evasively, slightly contaminated, quick
A: [deformed body], [frail 1], weak 1[+1], [subdued magic 2], able to fly
a: Stop Flying, Curse Item, Scrying, Transfer Knowledge, Renounce Religion,
Evoke Invisibility


You were on level 1 of the Abyss.
You worshipped Ashenzari.
Ashenzari was extremely pleased with you.
You were very hungry.

You visited 3 branches of the dungeon, and saw 15 of its levels.
You visited the Abyss 1 time.
You also visited: Sewer and Ice Cave.

You collected 1575 gold pieces.
You spent 582 gold pieces at shops.

Inventory:

Hand Weapons
 z - a cursed +2 rapier of electrocution
 M - a cursed +4 great sword of flaming (weapon)
Missiles
 i - 2756 stones (quivered)
Armour
 a - a +0 robe
 q - a cursed +2 cloak of invisibility (worn)
 y - a cursed +0 pair of gloves (worn)
 F - cursed +0 fire dragon scales (worn)
Jewellery
 n - a cursed ring of poison resistance (left hand)
 p - the cursed amulet of Fanaticism (around neck) {Acrobat Str+2}
   (You acquired it on level 1 of the Abyss)

   [amulet of the acrobat]

   It helps you evade while moving and waiting.
   It affects your strength (+2).
   It has a curse placed upon it.
 r - an uncursed ring of insulation
 G - an uncursed amulet of rage
 H - a cursed ring of protection from cold (right hand)
 X - an uncursed ring of protection from fire
Wands
 x - a wand of scattershot (6)
 A - a wand of polymorph (24)
 B - a wand of acid (20)
 D - a wand of paralysis (21)
 O - a wand of enslavement (7)
 R - a wand of flame (26)
 T - a wand of clouds (8)
 U - a wand of disintegration (13)
Scrolls
 f - 3 scrolls of remove curse {@r2}
 g - 2 scrolls of amnesia
 j - 8 scrolls of teleportation {@r3 !r}
 k - 5 scrolls of fog {!r}
 o - a scroll of blinking {@r4}
 u - a scroll of noise {unknown}
 v - 6 scrolls of magic mapping {@r5 !r}
 E - a scroll of enchant weapon
 I - 4 scrolls of enchant armour
 J - a scroll of silence
 K - 2 scrolls of vulnerability
 L - 2 scrolls of immolation
Potions
 b - 2 potions of heal wounds {@q2 !q}
 c - 3 potions of berserk rage
 d - 3 potions of resistance
 l - 12 potions of curing {@q1 !q}
 m - 2 potions of invisibility
 s - 2 potions of might
 t - 2 potions of brilliance
 w - 3 potions of agility {@q5 !q}
 C - 2 potions of mutation
 N - a potion of magic
 W - 3 potions of haste {@q4 !q}
Miscellaneous
 S - a lightning rod (4/4)
Comestibles
 e - 20 rations {!d}


   Skills:
 - Level 10.0 Fighting
 + Level 6.2(9.0) Armour
 - Level 8.0(10.7) Dodging
 - Level 2.2 Stealth
 - Level 15.0 Spellcasting
 - Level 17.2(20.5) Conjurations
 - Level 2.9(6.3) Hexes
 - Level 2.3(5.4) Charms
 - Level 2.2(5.3) Necromancy
 - Level 4.8(8.7) Transmutations
 - Level 7.0(11.0) Fire Magic
 + Level 5.2(9.2) Ice Magic
 + Level 4.5(8.4) Evocations


You had 11 spell levels left.
You knew the following spells:

 Your Spells              Type           Power        Failure   Level  Hunger
a - Magic Dart            Conj           ####         0%          1    None
b - Searing Ray           Conj           ######       0%          2    None
c - Iskenderun's Mystic   Conj           ######..     0%          3    None
d - Irradiate             Conj/Tmut      ######....   3%          5    None
e - Fulminant Prism       Conj/Hex       ######....   1%          4    None
f - Fireball              Conj/Fire      ######....   1%          5    None
g - Sticky Flame          Conj/Fire      ######..     1%          4    None
h - Bolt of Cold          Conj/Ice       ######....   21%         6    ####...
H - Regeneration          Chrm/Necr      ####......   21%         3    None

Your spell library contained the following spells:

 Spells                   Type           Power        Failure   Level  Hunger
 Beastly Appendage        Tmut           #####.       1%          1    None
 Flame Tongue             Conj/Fire      #####        1%          1    None
 Sticks to Snakes         Tmut           #####...     1%          2    None
 Conjure Flame            Conj/Fire      ######..     1%          3    None
 Inner Flame              Hex/Fire       N/A          4%          3    None
 Animate Skeleton         Necr           N/A          6%          1    None
 Pain                     Necr           ####         6%          1    None
 Bolt of Draining         Conj/Necr      ######....   8%          5    None
 Ice Form                 Ice/Tmut       #####...     16%         4    None
 Vampiric Draining        Necr           ####......   21%         3    None
 Spider Form              Tmut/Pois      ###          28%         3    None
 Yara's Violent Unravell  Hex/Tmut       #####.....   28%         4    None
 Cause Fear               Hex            #####.....   45%         4    None
 Blade Hands              Tmut           #####.....   45%         5    None
 Animate Dead             Necr           N/A          58%         4    None
 Metabolic Englaciation   Hex/Ice        #####.....   61%         5    None
 Freezing Cloud           Conj/Ice/Air   #####.....   87%         6    ####...
 Piercing Shot            Chrm           ####......   91%         5    None
 Ozocubu's Refrigeration  Ice            #####.....   94%         6    ####...
 Silence                  Hex/Air        ####......   99%         5    None
 Simulacrum               Ice/Necr       #####.....   99%         6    ####...
 Deflect Missiles         Chrm/Air       ###.......   100%        6    ####...
 Discord                  Hex            #####.....   100%        8    #######


Dungeon Overview and Level Annotations

Branches:
Dungeon (8/12)             Temple (0/1) D:5            Lair (5/6) D:7
  Swamp (2/3) Lair:4        Snake (0/3) Lair:3        Slime (0/5) Lair:5
    Orc: D:8-11

Altars:
Ashenzari
Kikubaaqudgha
Makhleb
Okawaru
Qazlal
Ru
Vehumet
Xom
Zin

Shops:
D:4 (   D:5 (   D:6 *[!}   D:7 (*:

Annotations:
Swamp:2 Louise


Innate Abilities, Weirdness & Mutations

You can fly continuously.
[Armour fits poorly on your strangely shaped body.]
[You are frail. (-10% HP)]
[You are very weak. (Str -4)]
[Your spells are easier to cast, but less powerful.]


Message History

The orb of energy hits the wretched star.
You destroy the wretched star!
You have reached level 15!
Your experience leads to an increase in your attributes!
Your base attributes are Str 6, Int 27, Dex 13.
Increase (S)trength, (I)ntelligence, or (D)exterity?
You feel clever.
The orb of energy explodes!
You feel a bit more experienced.
The small abomination hits you but does no damage.
The small abomination misses you.
A bone dragon comes into view.
Found five items.
Found a +0 trident and a ration.
Found a scroll of immolation.
You see here a ration {!d}.
e - 20 rations {!d} (gained 1)
The small abomination hits you but does no damage. 2 glowing orange brains, 2 smoke demons and an efreet come into view.
The efreet is wielding a +0 scimitar of flaming.
The smoke demon roars! x2
The glowing orange brain turns its attention towards you.
You hear a shout!
A balrug comes into view.
It is wielding a +2 vampiric demon whip.
A neqoxec comes into view.
The efreet hits you with a +0 scimitar of flaming!
A hell hog comes into view. x2
The balrug shouts!
The hell hog squeals angrily. x2
Found three items.
You see here 99 sling bullets.
A hellion comes into view.
The hellion gives a hideous shriek!
The neqoxec hits you!
* * * LOW HITPOINT WARNING * * *
The smoke demon completely misses you. The smoke demon closely misses you. x2
The smoke demon gestures at you. Something smites you!
* * * LOW HITPOINT WARNING * * *
Found a ration.
Blink to where?
Press: ? - help, Dir - move target cursor You are contaminated with residual magic.
As you read the scroll of blinking, it crumbles to dust.
The neqoxec gestures at you.
Something tries to feed on your intellect!
The neqoxec gestures.
Unknown command.
A quasit comes into view.
The quasit gives a chilling moan.
The quasit misses you. The quasit barely misses you.
The quasit closely misses you.
You are feeling very hungry.
A chaos spawn comes into view.
The quasit completely misses you. The quasit misses you.
The quasit claws you but does no damage.
Found a scroll of identify.
You feel less contaminated with magical energies.
The quasit misses you. The quasit barely misses you.
The quasit completely misses you.
You see here a scroll of identify {@r1}.
Casting: Iskenderun's Mystic Blast (safe; 0% risk of failure)
Confirm with . or Enter, or press ? or * to list all spells.
Aiming: Iskenderun's Mystic Blast (safe; 0% risk of failure)
Press: ? - help, Shift-Dir - straight line, f - quasit
Aim: a quasit The orb of energy hits the quasit.
The quasit is heavily wounded.
The quasit bites you but does no damage.
The quasit claws you.
* * * LOW HITPOINT WARNING * * *
You feel clumsy.
The quasit claws you but does no damage.
Casting: Iskenderun's Mystic Blast (safe; 0% risk of failure)
Confirm with . or Enter, or press ? or * to list all spells.
Aiming: Iskenderun's Mystic Blast (safe; 0% risk of failure)
Press: ? - help, Shift-Dir - straight line, f/p - quasit
Aim: a quasit (heavily wounded)
The orb of energy hits the quasit.
You kill the quasit!
The orb of energy explodes!
You hear a bark!
Casting: Iskenderun's Mystic Blast (safe; 0% risk of failure)
Confirm with . or Enter, or press ? or * to list all spells.
Aiming: Iskenderun's Mystic Blast (safe; 0% risk of failure)
Press: ? - help, Shift-Dir - straight line, f - chaos spawn
Aim: a chaos spawn (moderately wounded)
The orb of energy hits the chaos spawn.
The chaos spawn is severely wounded.
The orb of energy explodes!
The chaos spawn gores you!
* * * LOW HITPOINT WARNING * * *
You are engulfed in flames.
You resist.
* * * LOW HITPOINT WARNING * * *
Casting: Iskenderun's Mystic Blast (safe; 0% risk of failure)
Confirm with . or Enter, or press ? or * to list all spells.
Aiming: Iskenderun's Mystic Blast (safe; 0% risk of failure)
Press: ? - help, Shift-Dir - straight line, f/p - chaos spawn
Aim: a chaos spawn (severely wounded)
The orb of energy hits the chaos spawn.
The chaos spawn is almost dead.
The orb of energy explodes!
The chaos spawn hits you!
You die...

,,*** *,* * , ,* .# , *
* , *, * ,, ..,# *,
,,**,, , * ,,*...# ,*
,*, , * ,, ,{ .#.** ,
*,* , *,,.. *##, ..* *
. * * ,, ....#.# .#,*
##.# ,*,, ,
.##...#.#**#.., ,, ,
,** * ,, ..# #@####.# ,
,, , ,, ,,,,
.###4#..##{ , , *, ***
..,...#........#, * , *
, ,,*,
.#...{..##..#...#, * ,
, , * ,,.#..#.....## #
,,, *, *
*,.#.#.#..#..#* {**
**{,***##..##.#.....#**
,, , ,, ,,*
#..#{#.,#....#* ,** **
. #####.##.##.#.###.#*,
*,


You could see a chaos spawn.

Vanquished Creatures
  2 tentacled starspawn (Abyss:1)
  A frost giant (IceCv)
  A fire dragon (D:7)
  A shambling mangrove (Swamp:1)
  7 hydras
  5 alligators
  7 death yaks
  A thrashing horror (Abyss:1)
  Sonja (Lair:1)
  A wretched star (Abyss:1)
  An anaconda zombie (Abyss:1)
  A spriggan druid (Swamp:2)
  A swamp dragon (Swamp:2)
  A lindwurm (Lair:3)
  4 oklob plants (Lair:1)
  6 ugly things (Swamp:1)
  2 black mambas (Lair:2)
  An ice statue (IceCv)
  A storm dragon simulacrum (Abyss:1)
  10 cane toads
  2 torpor snails (Lair:5)
  4 rime drakes
  3 komodo dragons
  18 polar bears
  Grinder (D:6)
  2 tyrant leeches (Swamp:1)
  The ghost of Theblade12 the Ducker, an amateur DsWn (D:4)
  5 dream sheep (Lair:5)
  2 bog bodies
  A raiju (Abyss:1)
  18 blink frogs
  9 hippogriffs
  5 slime creatures (Swamp:1)
  Sigmund (D:3)
  A shadow (Swamp:2)
  48 yaks
  3 spriggans (Swamp:2)
  2 fire bats (Abyss:1)
  2 small abominations (Abyss:1)
  A hungry ghost (D:6)
  A large abomination (Abyss:1)
  A neqoxec (Abyss:1)
  4 vampire mosquitoes (Swamp:1)
  8 insubstantial wisps (Swamp:1)
  7 water moccasins
  2 swamp drakes (Swamp:1)
  7 porcupines
  2 ice beasts (D:5)
  2 phantoms
  A black bear (D:6)
  2 ogres
  5 orc warriors
  16 wolves
  2 centaurs (D:6)
  6 crocodiles
  12 bullfrogs
  A big kobold (Sewer)
  2 howler monkeys (D:7)
  6 crimson imps
  A centaur skeleton (D:6)
  4 hounds
  A centaur zombie (D:6)
  A jelly (D:5)
  A quasit (Abyss:1)
  Crazy Yiuf (D:2)
  4 orc priests
  3 bullfrog skeletons
  2 iguanas
  Jessica (D:3)
  Terence (D:2)
  Ijyb (D:4)
  Natasha (thrice) (D:3)
  10 orc wizards
  7 worker ants
  A hound zombie (D:5)
  A hound skeleton (D:5)
  A howler monkey zombie (D:6)
  6 adders
  3 shadow imps
  4 oozes
  5 worms
  3 dart slugs
  8 leopard geckos
  26 orcs
  12 bats
  8 giant cockroaches
  3 goblins
  7 hobgoblins
  2 jackals (D:2)
  24 kobolds
  6 quokkas
  3 ball pythons (Sewer)
  A ball python skeleton (D:4)
  4 frilled lizards
  A jackal zombie (D:5)
  8 rats
  2 fulminant prisms
  13 plants
  3 starspawn tentacles (Abyss:1)
467 creatures vanquished.

Vanquished Creatures (others)
  A crocodile (D:6)
  40 fulminant prisms
  9 fungi
  12 plants
  6 starspawn tentacles (Abyss:1)
68 creatures vanquished.

Grand Total: 535 creatures vanquished

Notes
Turn   | Place    | Note
-------+----------+-------------------------------------------
     0 | D:1      | MisterOstroum the Avariel Conjurer began the quest for the
                  | Orb.
     0 | D:1      | Reached XP level 1. HP: 10/10 MP: 6/6
   122 | D:1      | Found a shattered altar of Ashenzari.
   144 | D:1      | Reached skill level 1 in Fighting
   144 | D:1      | Reached XP level 2. HP: 13/16 MP: 1/7
   148 | D:1      | Learned a level 2 spell: Searing Ray
   869 | D:2      | Reached XP level 3. HP: 20/20 MP: 6/9
   938 | D:2      | Learned a level 3 spell: Iskenderun's Mystic Blast
  1032 | D:2      | Noticed Terence
  1036 | D:2      | Killed Terence
  1130 | D:2      | Reached XP level 4. HP: 25/25 MP: 8/12
  1133 | D:2      | Reached skill level 6 in Conjurations
  1276 | D:1      | Became a worshipper of Ashenzari the Shackled
  1487 | D:2      | Found a shimmering altar of Xom.
  1564 | D:2      | Reached XP level 5. HP: 30/30 MP: 0/13
  2120 | D:2      | Found a runed door.
  2352 | D:2      | Noticed Crazy Yiuf
  2357 | D:2      | Killed Crazy Yiuf
  2357 | D:2      | Reached skill level 7 in Conjurations
  2471 | D:3      | Noticed Natasha
  2483 | D:3      | Noticed Jessica
  2484 | D:3      | Killed Natasha
  2572 | D:3      | Killed Jessica
  2572 | D:3      | Reached XP level 6. HP: 35/36 MP: 7/14
  2605 | D:3      | Found a glowing drain.
  2631 | Sewer    | Entered a sewer
  2766 | Sewer    | Learned a level 4 spell: Fulminant Prism
  3130 | Sewer    | Reached skill level 1 in Hexes
  3372 | D:3      | Reached * piety under Ashenzari
  3693 | D:3      | Reached skill level 5 in Spellcasting
  3693 | D:3      | Reached XP level 7. HP: 22/41 MP: 9/16
  4028 | D:3      | Noticed Sigmund
  4034 | D:3      | Killed Sigmund
  4034 | D:3      | Reached skill level 8 in Conjurations
  4156 | D:3      | Found a burning altar of Makhleb.
  4201 | D:3      | Found a radiant altar of Vehumet.
  4227 | D:3      | Noticed Natasha
  4230 | D:3      | Killed Natasha
  4363 | D:3      | Found an iron altar of Okawaru.
  4412 | D:3      | Noticed Natasha
  4413 | D:3      | Killed Natasha
  4664 | D:4      | Found a runed translucent door.
  4667 | D:4      | Noticed Theblade12's ghost (amateur DsWn)
  4682 | D:4      | Killed Theblade12's ghost
  4682 | D:4      | Reached skill level 9 in Conjurations
  4682 | D:4      | Reached XP level 8. HP: 46/46 MP: 3/20
  4948 | D:4      | Found Cyoclah's Antique Weapon Shop.
  5060 | D:4      | Noticed Ijyb
  5062 | D:4      | Killed Ijyb
  5183 | D:4      | Found a sacrificial altar of Ru.
  5287 | D:5      | Entered Level 5 of the Dungeon
  5291 | D:5      | Reached skill level 10 in Conjurations
  5405 | D:5      | Found a stormy altar of Qazlal.
  5405 | D:5      | Noticed a water elemental
  5446 | D:5      | Noticed an air elemental
  5464 | D:5      | Found Itecla Safog's Weapon Emporium.
  5776 | D:5      | Found a staircase to the Ecumenical Temple.
  6131 | D:5      | Gained mutation: You can fly continuously. [Avariel growth]
  6131 | D:5      | Reached XP level 9. HP: 52/52 MP: 17/23
  6177 | D:5      | Reached ** piety under Ashenzari
  6517 | D:6      | Reached skill level 5 in Fighting
  6964 | D:6      | Found a glowing silver altar of Zin.
  6969 | D:6      | Found an ancient bone altar of Kikubaaqudgha.
  6984 | D:6      | Found Yraisuku's Antique Armour Shop.
  6986 | D:6      | Found Jinodiof's Assorted Antiques.
  6987 | D:6      | Found Kunkeu Moff's Distillery.
  6993 | D:6      | Noticed Grinder
  7033 | D:6      | Paralysed by Grinder for 3 turns
  7041 | D:6      | Killed Grinder
  7175 | D:6      | Found Ulukeuc's Gadget Shop.
  7190 | D:6      | Bought a potion of degeneration for 12 gold pieces
  7534 | D:6      | Reached skill level 10 in Spellcasting
  7806 | D:6      | Reached skill level 5 in Dodging
  7806 | D:6      | Reached skill level 11 in Conjurations
  7973 | D:7      | Reached XP level 10. HP: 48/59 MP: 16/26
  7980 | D:7      | Learned a level 5 spell: Irradiate
  8127 | D:7      | Found Uczikledwuu's Book Shop.
  8134 | D:7      | Bought a book of Flames for 525 gold pieces
  8140 | D:7      | Learned a level 5 spell: Fireball
  8145 | D:7      | Learned a level 4 spell: Sticky Flame
  8149 | D:7      | Learned a level 3 spell: Regeneration
  8193 | D:7      | Reached skill level 1 in Transmutations
  8296 | D:7      | Reached skill level 1 in Fire Magic
  8297 | D:7      | Noticed a fire dragon
  8537 | D:7      | Found Iffea's Antique Weapon Emporium.
  8728 | D:7      | Found Ijoudiuw's General Store.
  8735 | D:7      | Bought a scroll of remove curse for 45 gold pieces
  8810 | D:7      | Found a staircase to the Lair.
  9586 | D:7      | Found Iffea's Antique Weapon Emporium.
  9676 | D:7      | Killed a fire dragon
  9999 | Lair:1   | Entered Level 1 of the Lair of Beasts
 10084 | Lair:1   | Reached skill level 12 in Conjurations
 10275 | Lair:1   | Noticed a cane toad
 10280 | Lair:1   | Killed a cane toad
 10302 | Lair:1   | Reached skill level 13 in Conjurations
 10405 | Lair:1   | Reached *** piety under Ashenzari
 10440 | Lair:1   | Reached XP level 11. HP: 63/63 MP: 23/27
 10495 | Lair:1   | Reached skill level 1 in Charms
 10498 | Lair:1   | Reached skill level 1 in Necromancy
 10739 | Lair:1   | Noticed Sonja
 10752 | Lair:1   | Killed Sonja
 11027 | Lair:1   | Noticed an oklob plant
 11027 | Lair:1   | Noticed an oklob plant
 11038 | Lair:1   | Killed an oklob plant
 11213 | Lair:1   | Killed an oklob plant
 11294 | Lair:1   | Noticed an oklob plant
 11530 | Lair:1   | Killed an oklob plant
 11678 | Lair:1   | Noticed an oklob plant
 11756 | Lair:1   | HP: 2/63 [acid (11)]
 12062 | Lair:1   | Killed an oklob plant
 12467 | Lair:2   | Found a frozen archway.
 12543 | IceCv    | Entered an ice cave
 13143 | IceCv    | Reached XP level 12. HP: 68/68 MP: 23/31
 13329 | IceCv    | Reached skill level 14 in Conjurations
 14102 | IceCv    | Noticed a death yak
 14105 | IceCv    | Killed a death yak
 14262 | IceCv    | Noticed a frost giant
 14263 | IceCv    | Identified the +2 chain mail of the Insatiable Ships
                  | {Dex+5}
 14316 | IceCv    | Reached skill level 15 in Spellcasting
 14419 | IceCv    | Reached skill level 5 in Fire Magic
 14473 | IceCv    | Killed a frost giant
 15420 | Lair:2   | Noticed a five-headed hydra
 15426 | Lair:2   | Killed a five-headed hydra
 15426 | Lair:2   | Reached XP level 13. HP: 72/72 MP: 18/34
 15621 | Lair:2   | Reached skill level 15 in Conjurations
 16027 | Lair:2   | Reached skill level 1 in Evocations
 17110 | Lair:3   | Reached skill level 16 in Conjurations
 17176 | Lair:3   | Found a staircase to the Snake Pit.
 17600 | Lair:3   | Reached **** piety under Ashenzari
 18196 | Lair:4   | Identified a scroll of acquirement
 18505 | Lair:4   | Found a staircase to the Swamp.
 18841 | Lair:4   | Reached skill level 17 in Conjurations
 19727 | Lair:5   | Reached XP level 14. HP: 83/83 MP: 23/35
 20180 | Lair:5   | Found a staircase to the Slime Pits.
 20202 | Lair:5   | Learned a level 6 spell: Bolt of Cold
 20636 | Swamp:1  | Entered Level 1 of the Swamp
 20638 | Swamp:1  | Reached skill level 1 in Armour
 20949 | Swamp:1  | Reached ***** piety under Ashenzari
 21768 | Swamp:1  | Reached skill level 1 in Ice Magic
 22304 | Swamp:2  | Reached skill level 10 in Fighting
 22304 | Swamp:2  | Gained mutation: [You are weak. (Str -2)] [mutagenic glow]
 22486 | Swamp:2  | Reached skill level 5 in Armour
 22523 | Swamp:2  | HP: 2/88 [tyrant leech (14)]
 22531 | Swamp:2  | Noticed Louise
 22531 | Swamp:2  | Cast into level 1 of the Abyss (Louise)
 22601 | Abyss:1  | Identified the cursed amulet of Fanaticism {Acrobat Str+2}
                  | (You acquired it on level 1 of the Abyss)
 22694 | Abyss:1  | Noticed a lorocyproca
 22740 | Abyss:1  | Found a shadowy altar of Dithmenos.
 22788 | Abyss:1  | Found a corrupted altar of Lugonu.
 22801 | Abyss:1  | Noticed a tentacled starspawn
 22805 | Abyss:1  | Killed a tentacled starspawn
 22839 | Abyss:1  | Noticed a tentacled starspawn
 22896 | Abyss:1  | Killed a tentacled starspawn
 22896 | Abyss:1  | Reached skill level 5 in Ice Magic
 22899 | Abyss:1  | Reached XP level 15. HP: 35/82 MP: 4/36
 22904 | Abyss:1  | Noticed a bone dragon
 22911 | Abyss:1  | Noticed a balrug
 22934 | Abyss:1  | HP: 4/82 [chaos spawn (9)]
 22934 | Abyss:1  | HP: 1/82 [chaos spawn (3)]
 22935 | Abyss:1  | Mangled by a chaos spawn

Skill      XL: |  1  2  3  4  5  6  7  8  9 10 11 12 13 14 |
---------------+-------------------------------------------+-----
Fighting       | 1 2 3 4 5 7 10 | 10.0
Spellcasting   | 3 4 5 6 8 10 13 15 | 15.0
Conjurations   | 6 7 9 10 11 13 14 17 | 17.2
Hexes          | 1 2 |  2.9
Dodging        | 4 5 6 8 |  8.0
Transmutations | 4 |  4.8
Fire Magic     | 3 4 6 7 |  7.0
Charms         | 2 |  2.3
Necromancy     | 2 |  2.2
Evocations     | 2 4 |  4.5
Armour         | 6 |  6.2
Ice Magic      | 5 |  5.2
Stealth        | |  2.2

Action                   |  1- 3 |  4- 6 |  7- 9 | 10-12 | 13-15 || total
-------------------------+-------+-------+-------+-------+-------++-------
Melee: Short sword       |       |    26 |    25 |    31 |       ||    82
       Great sword       |       |       |       |     7 |    46 ||    53
 Cast: Magic Dart        |    43 |    93 |    60 |    34 |    42 ||   272
       Searing Ray       |     2 |     5 |     3 |     1 |       ||    11
       Iskenderun's Myst |     1 |    27 |    84 |   207 |   241 ||   560
       Fulminant Prism   |       |     1 |    15 |    23 |     3 ||    42
       Fireball          |       |       |       |    23 |    18 ||    41
       Sticky Flame      |       |       |       |     3 |     3 ||     6
       Irradiate         |       |       |       |     6 |    26 ||    32
       Regeneration      |       |       |       |       |     5 ||     5
       Bolt of Cold      |       |       |       |       |     1 ||     1
Invok: Curse Item        |       |     6 |     2 |     3 |     1 ||    12
 Abil: Fly               |       |       |     1 |       |       ||     1
Evoke: Wand              |       |       |       |       |     4 ||     4
  Use: Scroll            |       |       |    12 |     3 |    15 ||    30
       Potion            |       |       |     1 |     1 |     6 ||     8
 Stab: Sleeping          |       |     1 |     1 |       |       ||     2
  Eat: Chunk             |     1 |     9 |    11 |    13 |    11 ||    45
       Ration            |       |       |     1 |     3 |     3 ||     7
Armor: Robe              |       |    27 |    13 |     5 |     4 ||    49
       Fire dragon scale |       |       |       |       |    70 ||    70
Dodge: Dodged            |     1 |    38 |    26 |    46 |   121 ||   232
